 Dungeon Crawl Stone Soup version 0.31.0-32-g396128a36d (webtiles) character file.

Game seed: 14354692226910836829

37 spaghetti the Caller (level 3, -3/28 HPs)
             Began as a Naga Summoner on Mar 10, 2024.
             Slain by an ogre
             ... wielding a +0 giant spiked club
              (31 damage)
             ... on level 4 of the Dungeon.
             The game lasted 00:01:52 (1732 turns).

spaghetti the Caller (Naga Summoner)                Turns: 1732, Time: 00:01:53

Health: -3/28      AC:  3    Str: 15 (16) XL:     3   Next: 41%
Magic:  0/6        EV:  9    Int: 16 (17) God:
Gold:   96         SH:  0    Dex: 10 (11) Spells: 0/6 levels left

rFire   . . .        (no weapon)
rCold   . . .        (no shield)
rNeg    . . .        a - +0 robe
rPois   +            (no helmet)
rElec   .            (no cloak)
rCorr   .            l - +0 pair of gloves
SInv    +            (no barding)
Will    .....        i - amulet of regeneration
Stlth   ++           d - +6 ring of strength
HPRegen 1.04/turn    (no ring)
MPRegen 0.10/turn

%: no passive effects
@: short of breath, unable to call your familiar, very slow
A: AC +1, large, see invisible, deformed body, poison resistance, slowness 2,
spit poison 1, naga tail 1
a: Spit Poison


You were on level 4 of the Dungeon.
You visited 1 branch of the dungeon, and saw 4 of its levels.

You collected 96 gold pieces.

Inventory:

Armour
 a - a +0 robe (worn)
 l - a +0 pair of gloves (worn)
Jewellery
 d - a +6 ring of strength (left hand)
 i - an amulet of regeneration (around neck)
Scrolls
 c - 2 scrolls of identify {unknown}
 f - a scroll of vulnerability {unknown}
 g - a scroll of fear {unknown}
 h - 3 scrolls of teleportation {unknown}
 j - 2 scrolls of amnesia {unknown}
Potions
 b - a potion of magic


   Skills:
 - Level 1.5 Dodging
 - Level 3.0 Stealth
 - Level 2.0 Spellcasting
 + Level 5.1 Summonings


You couldn't memorise any spells.
You knew the following spells:

 Your Spells              Type           Power      Damage    Failure   Level
a - Summon Small Mammal   Summ           72%        N/A       2%          1
b - Call Imp              Summ           36%        N/A       3%          2
c - Call Canine Familiar  Summ           18%        N/A       8%          3

Your spell library contained the following spells:

 Spells                   Type           Power      Damage    Failure   Level
 Summon Blazeheart Golem  Fire/Summ      9%         N/A       56%         4
 Summon Lightning Spire   Summ/Air       9%         N/A       56%         4


Dungeon Overview and Level Annotations

Branches:
Dungeon (4/15)
 Temple: D:4-7

Altars:
Nemelex Xobeh

Annotations:
D:3 Grinder


Innate Abilities, Weirdness & Mutations

Your serpentine skin is tough. (AC +1)
You have supernaturally acute eyesight. (SInv)
Armour fits poorly on your strangely shaped body.
Your system is resistant to poisons. (rPois)
You cover ground very slowly.
You can spit poison.
You have a snake-like lower body.


Message History

Your cerulean imp hits the ogre but does no damage.
The ogre misses your cerulean imp.
Your cerulean imp completely misses the ogre.
The ogre hits your cerulean imp with a +0 giant spiked club!!
Your cerulean imp dies!
Your cerulean imp disappears in a puff of smoke!
Casting: Call Canine Familiar (quite dangerous; 8% risk of failure)
Confirm with . or Enter, or press ? or * to list all spells.
The ogre barely misses your inugami.
Your inugami hits the ogre. Your inugami hits the ogre.
The ogre hits your inugami with a +0 giant spiked club!
Your inugami hits the ogre.
The ogre hits your inugami with a +0 giant spiked club!
Your inugami dies!
Your inugami disappears in a puff of smoke!
Casting: Summon Small Mammal (safe; 2% risk of failure)
Confirm with . or Enter, or press ? or * to list all spells.
Your quokka completely misses the ogre.
The ogre barely misses your quokka.
Your quokka bites the ogre.
The ogre hits your quokka with a +0 giant spiked club!!
Your quokka dies!
Your quokka's corpse disappears in a puff of smoke!
Your quokka bites the ogre.
The ogre barely misses your quokka.
Your quokka bites the ogre.
The ogre hits your quokka with a +0 giant spiked club!!
Your quokka dies!
Your quokka's corpse disappears in a puff of smoke!
Aiming: Spit Poison (2% risk of failure)
Press: ? - help, Shift-Dir - straight line, f - ogre
Aim: an ogre, wielding a +0 giant spiked club (severely wounded, 81% to hit)
The splash of poison hits the ogre but does no damage.
The ogre is poisoned.
The ogre is severely wounded.
Unknown command.
Casting: Summon Small Mammal (safe; 2% risk of failure)
Confirm with . or Enter, or press ? or * to list all spells.
The ogre hits you with a +0 giant spiked club!!
Ouch! That really hurt!
You die...

.....).>.#####.# ##
########.### #.####....
########.#.###........
..........#..<........
########.#.##...###.## #
#.####...# #.# .# .. #.#
#...##.# #.#.#. ########.#
#.r.#.# #...... ....##...#
#...@## ##O...... .##.##.#.#
#...#O###.# +##+##'###
#....#.#.##.##.
...#.....####.##.##.........
...#.....##...##.######.##.#
'##+##'##'..####.# #
#.....#..##.# #.#
#'###+#..##.# #.#
#.....#..#..# #.#


You could see an ogre (poisoned, ally target) and a friendly rat (summoned).

Vanquished Creatures
  3 ball pythons (D:1)
  3 giant cockroaches (D:1)
  A goblin (D:1)
  A quokka (D:1)
  A bat (D:1)
  A frilled lizard (D:1)
10 creatures vanquished.

Vanquished Creatures (collateral kills)
  An adder (D:3)
  A dart slug (D:1)
  A ribbon worm (D:4)
  An endoplasm (D:1)
  A goblin (D:1)
  3 hobgoblins (D:1)
  4 ball pythons (D:1)
  A rat (D:3)
13 creatures vanquished.

Grand Total: 23 creatures vanquished

Notes
Turn   | Place    | Note
-------+----------+-------------------------------------------
     0 | D:1      | spaghetti the Naga Summoner began the quest for the Orb.
     0 | D:1      | Reached XP level 1. HP: 15/15 MP: 3/3
   239 | D:1      | Reached XP level 2. HP: 14/22 MP: 1/5
   627 | D:1      | Learned a level 2 spell: Call Imp
  1083 | D:1      | Reached XP level 3. HP: 28/28 MP: 6/6
  1087 | D:1      | Learned a level 3 spell: Call Canine Familiar
  1385 | D:2      | You fall into a shaft and drop 1 floor!
  1455 | D:3      | Reached skill level 5 in Summonings
  1477 | D:3      | Noticed Grinder
  1600 | D:4      | Found a sparkling altar of Nemelex Xobeh.
  1710 | D:4      | Noticed an ogre
  1732 | D:4      | Slain by an ogre

Illustrated notes

Levels and vault maps discovered:
D:1:      lemuel_arrival_rhombus, layout_basic, minmay_pentomino_p4
D:2:      layout_basic
D:3:      layout_basic, nicolae_ru_path_of_blood,
          nicolae_yredelemnul_corpse_copse, gup_sewer_entry_bowl,
          basic_ecumenical_altar, uniq_robin, uniq_sigmund, uniq_grinder
D:4:      layout_loops_ring, mainiacjoe_overflow_24_doors

Skill      XL: |  1  2  3 |
---------------+----------+-----
Summonings     | 5 |  5.1
Dodging        | |  1.5
Stealth        | |  3.0
Spellcasting   | |  2.0

Action                     || total
---------------------------++-------
  Melee: Unarmed           ||    93
   Cast: Summon Small Mamm ||    21
         Call Imp          ||    10
         Call Canine Famil ||     6
Ability: Spit Poison       ||     5
    Use: Potion            ||     2
 Armour: Robe              ||    77
  Dodge: Dodged            ||    38
